 Dungeon Crawl Stone Soup version 0.29-a0-789-g7a8fcbc185 (webtiles) character file.

Game seed: 8149000573667374334

298 dolemite99 the Chopper (level 6, 0/47 HPs)
             Began as a Demonspawn Fighter on July 3, 2022.
             Was a Follower of Qazlal.
             Slain by an adder (3 damage)
             ... on level 3 of the Dungeon.
             The game lasted 00:03:03 (2517 turns).

dolemite99 the Chopper (Demonspawn Fighter)         Turns: 2517, Time: 00:03:04

Health: 0/47       AC: 12    Str: 19    XL:     6   Next: 13%
Magic:  6/6        EV:  6    Int:  9    God:    Qazlal [*.....]
Gold:   23         SH:  6    Dex: 12    Spells: 5/5 levels left

rFire   . . .      SeeInvis .   a - +1 war axe
rCold   . . .      Faith    .   c - +0 buckler
rNeg    . . .      Spirit   .   n - +0 chain mail
rPois   .          Reflect  .   (no helmet)
rElec   .          Harm     .   i - +1 cloak
rCorr   .          Rampage  .   (no gloves)
Will    .....                   (no boots)
Stlth   ..........              (no amulet)
HPRegen 0.15/turn               (no ring)
MPRegen 0.10/turn               (no ring)

@: lethally poisoned (0 -> -3), attractive
A: sharp scales 1, demonic touch 1
a: Renounce Religion


You were on level 3 of the Dungeon.
You worshipped Qazlal.
Qazlal was aware of your devotion.
You visited 1 branch of the dungeon, and saw 3 of its levels.

You collected 68 gold pieces.
You spent 45 gold pieces at shops.

Inventory:

Hand Weapons
 a - a +1 war axe (weapon)
 q - a +2 whip of pain
Missiles
 o - 2 poisoned darts
 p - 4 boomerangs (quivered)
Armour
 b - a +0 scale mail
 c - a +0 buckler (worn)
 i - a +1 cloak (worn)
 n - a +0 chain mail (worn)
Wands
 m - a wand of flame (16)
Scrolls
 j - 2 scrolls of identify {@r1}
 r - a scroll of magic mapping
Potions
 d - a potion of resistance {unknown}
 g - 2 potions of degeneration {unknown}
 k - a potion of curing {unknown}
 l - 2 potions of attraction
 s - a potion of heal wounds {unknown}


   Skills:
 - Level 3.0 Fighting
 + Level 5.9 Axes
 - Level 2.6 Armour
 - Level 2.6 Shields


You had 5 spell levels left.
You didn't know any spells.
Your spell library was empty.

Dungeon Overview and Level Annotations

Branches:
Dungeon (3/15)

Altars:
Qazlal

Shops:
D:2 [::[

Annotations:
D:3 Ijyb, Robin


Innate Abilities, Weirdness & Mutations

You are partially covered in razor-sharp scales. (AC +1, Slay +1)
Your touch may inflict minor irresistible damage on your foes.


Message History

You hit the goblin.
You kill the goblin!
Qazlal accepts your kill.
You slash the goblin!
You kill the goblin!
Qazlal accepts your kill.
You closely miss the giant cockroach. You hit the hobgoblin.
You kill the hobgoblin!
Qazlal accepts your kill.
You closely miss the hobgoblin. You miss the adder. You hit the goblin.
You kill the goblin!
Qazlal accepts your kill.
The giant cockroach bites you but does no damage.
The adder bites you but does no damage. You block the hobgoblin's attack.
The giant cockroach bites you but does no damage.
The adder barely misses you.
You are too injured to fight recklessly!
You hit the goblin.
You kill the goblin!
Qazlal accepts your kill.
You closely miss the goblin. You closely miss the adder.
You closely miss the giant cockroach. You hit Robin. You hit the hobgoblin.
You barely miss the adder. The adder bites you.
* * * LOW HITPOINT WARNING * * *
You are poisoned.
The adder poisons you! You block the goblin's attack.
You block the adder's attack. The giant cockroach barely misses you.
The hobgoblin closely misses you. Robin hits you but does no damage.
The adder bites you but does no damage.
You hit the goblin.
The goblin is severely wounded.
You hit the adder. You closely miss the giant cockroach. You hit Robin.
You slash the hobgoblin!
You kill the hobgoblin!
Qazlal accepts your kill.
You are now surrounded by a storm.
You slash the adder!
You feel sick. The adder bites you but does no damage.
The giant cockroach barely misses you. Robin hits you with a +0 dagger.
* * * LOW HITPOINT WARNING * * *
The adder bites you.
You die...

..# ...# #.#
#.... #.###....
# #.#..?.#
##.####......#
#............##
.>....S†).....##
......B@)......#
......gSg......#
.....<.........#
...............#
...............#
#.............##
##...........##
###+#########


You could see Robin, 2 adders, a giant cockroach and a goblin (strong).

Vanquished Creatures
  Sigmund (D:3)
  Terence (D:2)
  Jessica (D:2)
  3 adders (D:2)
  A worm (D:2)
  3 dart slugs
  6 endoplasms (D:1)
  A giant cockroach (D:2)
  10 goblins
  11 hobgoblins
  A quokka (D:1)
  4 ball pythons
  6 frilled lizards
  6 kobolds
  9 rats
64 creatures vanquished.

Notes
Turn   | Place    | Note
-------+----------+-------------------------------------------
     0 | D:1      | dolemite99 the Demonspawn Fighter began the quest for the
                  | Orb.
     0 | D:1      | Reached XP level 1. HP: 18/18 MP: 1/1
   118 | D:1      | Reached skill level 2 in Axes
   486 | D:1      | Gained mutation: You are partially covered in razor-sharp
                  | scales. (AC +1, Slay +1) [demonic ancestry]
   486 | D:1      | Reached XP level 2. HP: 24/24 MP: 2/2
   699 | D:1      | Reached skill level 3 in Axes
   924 | D:1      | Reached XP level 3. HP: 20/29 MP: 3/3
  1555 | D:2      | Found Lipp's Book Emporium.
  1608 | D:2      | Found Hemehuog's Book Emporium.
  1633 | D:2      | Found a stormy altar of Qazlal.
  1689 | D:2      | Found Laicin's Armour Shoppe.
  1762 | D:2      | Bought a +0 chain mail for 45 gold pieces
  1829 | D:2      | Became a worshipper of Qazlal Stormbringer
  1843 | D:2      | Reached XP level 4. HP: 30/35 MP: 4/4
  1884 | D:2      | Reached skill level 4 in Axes
  1885 | D:2      | Found Dosa Fecytz's Armour Shop.
  1950 | D:2      | Noticed Jessica
  1960 | D:2      | Killed Jessica
  2146 | D:2      | Noticed Terence
  2160 | D:2      | Killed Terence
  2425 | D:3      | Noticed Sigmund
  2459 | D:3      | Found a faded altar of an unknown god.
  2464 | D:3      | Gained mutation: Your touch may inflict minor irresistible
                  | damage on your foes. [demonic ancestry]
  2464 | D:3      | Reached XP level 5. HP: 41/41 MP: 5/5
  2467 | D:3      | Killed Sigmund
  2468 | D:3      | Reached skill level 5 in Axes
  2468 | D:3      | Reached XP level 6. HP: 46/47 MP: 6/6
  2499 | D:3      | Noticed Ijyb
  2508 | D:3      | Noticed Robin
  2517 | D:3      | Reached * piety under Qazlal
  2517 | D:3      | Slain by an adder

Illustrated notes

Levels and vault maps discovered:
D:1:      eino_arrival_cavern_a, layout_basic
D:2:      layout_rooms, serial_shops, nicolae_diamond_shop,
          nicolae_shop_hallway_plus, nicolae_shop_waterfront, shop, basic_altar,
          uniq_terence, uniq_jessica
D:3:      layout_rooms, mainiacjoe_overflow_six_doors_small,
          worldfamousw_hep_ancestral_shrine, ebering_ecumenical_altar_webs,
          uniq_robin, uniq_sigmund, uniq_ijyb

Skill      XL: |  1  2  3  4  5 |
---------------+----------------+-----
Axes           | 2 3 4 5 |  5.9
Fighting       | |  3.0
Armour         | |  2.6
Shields        | |  2.6

Action                   |  1- 3 |  4- 6 || total
-------------------------+-------+-------++-------
Melee: War axe           |   116 |    51 ||   167
Throw: Dart              |     4 |     6 ||    10
       Boomerang         |       |     9 ||     9
  Use: Potion            |       |     2 ||     2
       Scroll            |       |     4 ||     4
Armor: Scale mail        |    48 |       ||    48
       Chain mail        |     3 |    57 ||    60
Dodge: Dodged            |    42 |    31 ||    73
Block: Buckler           |    33 |    12 ||    45

Table legend: (Time is in decaauts)
 A = Elapsed time spent in this place.
 B = Non-inter-level travel time spent in this place.
 C = Inter-level travel time spent in this place.
 D = Time resting spent in this place.
 E = Time spent auto-exploring this place.
 F = Levels seen in this place.
 G = Mean time per level.
                   A        B        C        D        E       F      G
               +--------+--------+--------+--------+--------+-----+--------+
         Total |   2583 |   2530 |     53 |    556 |   1356 |   3 |  861.0 |
       Dungeon |   2583 |   2530 |     53 |    556 |   1356 |   3 |  861.0 |
               +--------+--------+--------+--------+--------+-----+--------+

Top non-repeatable levels by time:
     D:1: 1594 daAuts
     D:2: 878 daAuts
     D:3: 110 daAuts
